 Dungeon Crawl Stone Soup version 0.30-a0-161-gdd60e06945 (webtiles) character file.

Game seed: 10126024755022891360

1087 qw the Chopper (level 8, -1/51 HPs)
             Began as a Gargoyle Fighter on Sept 27, 2022.
             Slain by a vampire (6 damage)
             ... on level 5 of the Dungeon.
             The game lasted 00:03:01 (6635 turns).

qw the Chopper (Gargoyle Fighter)                   Turns: 6635, Time: 00:03:02

Health: -1/51      AC: 21    Str: 21    XL:     8   Next: 30%
Magic:  8/8        EV:  6    Int: 10    God:
Gold:   265        SH:  4    Dex:  9    Spells: 7/7 levels left

rFire   x . .      SeeInvis .    Y - +2 war axe (venom)
rCold   + . .      Faith    .    c - +0 buckler
rNeg    + + .      Spirit   .    p - +1 plate armour
rPois   inf        Reflect  .    b - +2 helmet
rElec   +          Harm     .    (no cloak)
rCorr   +          Rampage  .    (no gloves)
Will    ++...                    (no boots)
Stlth   ..........               j - amulet of the acrobat
HPRegen 0.17/turn                i - ring of Kikubaaqudgha's Favour {Ice Drain rN+ Will++ rCorr}
MPRegen 0.11/turn                (no ring)

@: no status effects
A: sickness immunity, AC +5, negative energy resistance 1, electricity
resistance, torment resistance 1, petrification resistance
a: no special abilities


You were on level 5 of the Dungeon.
You visited 1 branch of the dungeon, and saw 5 of its levels.
You also visited: Sewer.

You collected 290 gold pieces.
You spent 25 gold pieces at shops.


Innate Abilities, Weirdness & Mutations

You are immune to sickness and miasma.
Your stone body is resilient. (AC +5)
You are immune to poison.
You resist negative energy. (rN+)
You are resistant to electric shocks. (rElec)
You are resistant to unholy torment.
You are immune to petrification.


   Skills:
 - Level 5.7 Fighting
 + Level 7.4 Axes
 - Level 4.3 Armour
 - Level 1.0 Dodging
 - Level 3.2 Shields


You had 7 spell levels left.
You didn't know any spells.
Your spell library was empty.

Inventory:

Hand Weapons
 g - a +0 whip
 Y - a +2 war axe of venom (weapon)
Armour
 b - a +2 helmet (worn)
 c - a +0 buckler (worn)
 p - a +1 plate armour (worn)
Jewellery
 f - a ring of positive energy
 i - the ring of Kikubaaqudgha's Favour (left hand) {Ice Drain rN+ Will++ rCorr}
   (You found it on level 2 of the Dungeon)

   [ring of ice]

   It enhances your ice magic.
   rF:        It makes you vulnerable to fire.
   rC:        It protects you from cold.
   rN:        It protects you from negative energy.
   rCorr:     It protects you from acid and corrosion.
   Drain:     It drains your maximum health when unequipped.
   Will:      It greatly increases your willpower.
 j - an amulet of the acrobat (around neck)
 o - an amulet of guardian spirit
Scrolls
 e - a scroll of identify
 n - a scroll of teleportation
Potions
 a - a potion of cancellation
 d - 3 potions of might
 h - a potion of heal wounds
 k - 2 potions of curing
 l - a potion of mutation
 m - a potion of magic {unknown}

Dungeon Overview and Level Annotations

Branches:
Dungeon (5/15)             Temple (0/1) D:4           Sewer (visited)

Altars:
Sif Muna
Uskayaw
Wu Jian

Shops:
D:1 *

Annotations:
D:4 1 runed translucent door, Blork the orc, Crazy Yiuf
D:5 5 runed translucent doors, qw's ghost, amateur GrFi


Message History

A jackal comes into view.
A vampire comes into view.
Found 3 scrolls of amnesia and a copper ring.
The jackal barely misses you. The jackal misses you.
You barely miss the jackal.
The vampire mumbles some strange words.
The vampire flickers and vanishes!
Deactivating autopickup; reactivate with Ctrl-A.
The jackal bites you but does no damage. x2
You closely miss the jackal.
The jackal bites you but does no damage.
You slash the jackal!
You kill the jackal!
You miss something. Something hits you. Something bites you but does no damage.
You hit something but do no damage. Something hits you.
Something bites you but does no damage.
You slash something! Something hits you but does no damage.
Something bites you.
You miss something. Something hits you but does no damage.
Something bites you but does no damage. Something hits you.
Something bites you but does no damage.
You barely miss something. Something hits you.
Something bites you but does no damage.
You completely miss something. Something hits you but does no damage.
Something bites you!
You slash something! You block something's attack.
Something bites you but does no damage.
You closely miss something. Something hits you but does no damage.
Something bites you but does no damage.
You barely miss something. Something hits you but does no damage.
Something bites you.
You closely miss something. Something hits you but does no damage.
Something bites you but does no damage.
You closely miss something. Something hits you! Something bites you.
Something completely misses you. Something bites you!
You closely miss something. Something hits you.
You die...

####.##8|:8##.....#.
##.....######........
#..###'# #+###....
#.##.#.### ##...
#.#.#.##=# #...
##.#.###.. #...
#..#.#..# #...
#..#.#{##?# #...
#..##@...### ##...
#)..######..######...#
#.................[..#
##..##................
#.%.#..##............
##....##.............
#.....#.............
#..................#
###.##.##.....#....#


There were no monsters in sight!

Vanquished Creatures
  Duvessa (D:5)
  2 ogres (D:4)
  A centaur (D:5)
  A necrophage (D:5)
  A scorpion (D:5)
  Dowan (D:5)
  A vampire bat (D:3)
  A hound (D:5)
  3 jellies (D:5)
  Jessica (D:3)
  An iguana (D:5)
  Robin (D:3)
  12 adders
  2 river rats (Sewer)
  A shadow imp (D:5)
  4 white imps (D:5)
  4 ufetubi
  A worm (Sewer)
  A dart slug (D:3)
  6 orcs (D:3)
  18 bats
  9 endoplasms
  6 giant cockroaches
  13 goblins
  13 hobgoblins
  4 jackals
  10 quokkas
  13 ball pythons
  3 frilled lizards (D:1)
  12 kobolds
  26 rats
173 creatures vanquished.

Notes
Turn   | Place    | Note
-------+----------+-------------------------------------------
     0 | D:1      | qw the Gargoyle Fighter began the quest for the Orb.
     0 | D:1      | Reached XP level 1. HP: 14/14 MP: 1/1
     0 | D:1      | 0 ||| qw: Version: 0.2-a-10-g37ed214
     0 | D:1      | 0 ||| qw: Game counter: 691
     0 | D:1      | 0 ||| qw: Always use a shield: true
     0 | D:1      | 0 ||| qw: God list: Okawaru
     0 | D:1      | 0 ||| qw: Allow faded altars: false
     0 | D:1      | 0 ||| qw: Do Orc after D:15 true
     0 | D:1      | 0 ||| qw: Do second Lair branch before Depths: true
     0 | D:1      | 0 ||| qw: Lair rune preference: random
     0 | D:1      | 0 ||| qw: Plans: Normal, Zot:1-4, God:TSO, Crypt, Tomb,
                  | Pan, Slime:5, Hells, Abyss, Orb
     0 | D:1      | 0 ||| PLANNING D:1-11
    35 | D:1      | Reached skill level 2 in Axes
   317 | D:1      | Reached XP level 2. HP: 19/19 MP: 2/2
   379 | D:1      | Found Joylo's Assorted Antiques.
   387 | D:1      | 387 ||| SHOPLISTING 3 scrolls labelled TINWAU SUSHI (75
                  | gold, have 31).
   387 | D:1      | 387 ||| SHOPLISTING glowing plate armour (650 gold, have
                  | 31).
   387 | D:1      | 387 ||| BUYING scroll labelled OTHOTHR LOEFUENT (25 gold).
   387 | D:1      | Bought a scroll labelled OTHOTHR LOEFUENT for 25 gold
                  | pieces
   387 | D:1      | 387 ||| SHOPLISTING viscous yellow potion (22 gold, have
                  | 6).
   394 | D:1      | 394 ||| Stepping ~*~*~tactically~*~*~ (stealth).
   506 | D:1      | 506 ||| DROPPING +0 club.
   823 | D:1      | 823 ||| Stepping ~*~*~tactically~*~*~ (stealth).
   824 | D:1      | 824 ||| Stepping ~*~*~tactically~*~*~ (stealth).
   826 | D:1      | 826 ||| Stepping ~*~*~tactically~*~*~ (stealth).
   830 | D:1      | 830 ||| Stepping ~*~*~tactically~*~*~ (stealth).
   833 | D:1      | Reached skill level 3 in Axes
   848 | D:1      | 848 ||| Stepping ~*~*~tactically~*~*~ (stealth).
   852 | D:1      | Reached XP level 3. HP: 23/23 MP: 3/3
  1383 | D:1      | 1383 ||| READING 2 scrolls labelled PENET ROT ZAI.
  1384 | D:1      | 1384 ||| READING scroll labelled OTHOTHR LOEFUENT.
  1385 | D:1      | 1385 ||| READING scroll labelled AGYILY TULOJ.
  1386 | D:1      | 1386 ||| DROPPING scroll of noise.
  1448 | D:2      | 1448 ||| Stepping ~*~*~tactically~*~*~ (stealth).
  1600 | D:2      | 1600 ||| Stepping ~*~*~tactically~*~*~ (stealth).
  1602 | D:2      | 1602 ||| Stepping ~*~*~tactically~*~*~ (stealth).
  1603 | D:2      | 1603 ||| Stepping ~*~*~tactically~*~*~ (stealth).
  1791 | D:2      | Identified the ring of Kikubaaqudgha's Favour {Ice Drain
                  | rN+ Will++ rCorr}
  2015 | D:2      | 2015 ||| UPGRADING to ring of Kikubaaqudgha's Favour {Ice
                  | Drain rN+ Will++ rCorr}.
  2016 | D:2      | 2016 ||| READING scroll labelled TOJOIN GYPIA.
  2019 | D:2      | 2019 ||| DRINKING 2 glowing golden potions.
  2020 | D:2      | 2020 ||| DROPPING potion of degeneration.
  2028 | D:3      | Noticed Jessica
  2029 | D:3      | 2029 ||| PLANNING SEWER
  2035 | D:3      | Killed Jessica
  2036 | D:3      | Reached skill level 4 in Axes
  2036 | D:3      | Reached XP level 4. HP: 28/28 MP: 4/4
  2046 | D:3      | 2046 ||| Stepping ~*~*~tactically~*~*~ (stealth).
  2243 | D:3      | 2243 ||| Stepping ~*~*~tactically~*~*~ (stealth).
  2244 | D:3      | 2244 ||| Stepping ~*~*~tactically~*~*~ (stealth).
  2282 | D:3      | Found an ornate altar of the Wu Jian Council.
  2372 | D:3      | Found a glowing drain.
  2404 | D:3      | 2404 ||| UPGRADING to +0 chain mail.
  2414 | D:3      | 2414 ||| DROPPING +0 scale mail.
  2415 | D:3      | 2415 ||| READING scroll labelled CAOX GOPNOSA.
  2428 | Sewer    | Entered a sewer
  2461 | Sewer    | 2461 ||| Stepping ~*~*~tactically~*~*~ (water).
  2632 | Sewer    | Reached XP level 5. HP: 29/32 MP: 5/5
  2823 | Sewer    | Reached skill level 5 in Axes
  3173 | Sewer    | 3173 ||| READING scroll labelled MILUNE HOFU.
  3174 | Sewer    | 3174 ||| READING scroll labelled JEIDOL DECEOSHREA.
  3175 | Sewer    | 3175 ||| READING 2 scrolls of identify.
  3175 | Sewer    | 3175 ||| IDENTIFYING emerald potion
  3198 | D:3      | 3198 ||| PLANNING D:1-11
  3305 | D:3      | 3305 ||| READING scroll of teleportation.
  3314 | D:3      | 3314 ||| Stepping randomly (stuck).
  3315 | D:3      | 3315 ||| Stepping randomly (stuck).
  3316 | D:3      | 3316 ||| Stepping randomly (stuck).
  3317 | D:3      | 3317 ||| Stepping randomly (stuck).
  3318 | D:3      | 3318 ||| Stepping randomly (stuck).
  3319 | D:3      | 3319 ||| Stepping randomly (stuck).
  3320 | D:3      | 3320 ||| Stepping randomly (stuck).
  3322 | D:3      | 3322 ||| Stepping randomly (stuck).
  3323 | D:3      | 3323 ||| Stepping randomly (stuck).
  3324 | D:3      | 3324 ||| Stepping randomly (stuck).
  3325 | D:3      | 3325 ||| Stepping randomly (stuck).
  3326 | D:3      | 3326 ||| Stepping randomly (stuck).
  3328 | D:3      | 3328 ||| Stepping randomly (stuck).
  3330 | D:3      | 3330 ||| Stepping randomly (stuck).
  3332 | D:3      | 3332 ||| Stepping randomly (stuck).
  3333 | D:3      | 3333 ||| Stepping randomly (stuck).
  3334 | D:3      | 3334 ||| Stepping randomly (stuck).
  3335 | D:3      | 3335 ||| Stepping randomly (stuck).
  3336 | D:3      | 3336 ||| Stepping randomly (stuck).
  3337 | D:3      | 3337 ||| Stepping randomly (stuck).
  3338 | D:3      | 3338 ||| Stepping randomly (stuck).
  3339 | D:3      | 3339 ||| Stepping randomly (stuck).
  3340 | D:3      | 3340 ||| Stepping randomly (stuck).
  3341 | D:3      | 3341 ||| Stepping randomly (stuck).
  3342 | D:3      | 3342 ||| Stepping randomly (stuck).
  3343 | D:3      | 3343 ||| Stepping randomly (stuck).
  3344 | D:3      | 3344 ||| Stepping randomly (stuck).
  3345 | D:3      | 3345 ||| Stepping randomly (stuck).
  3346 | D:3      | 3346 ||| Stepping randomly (stuck).
  3347 | D:3      | 3347 ||| Stepping randomly (stuck).
  3348 | D:3      | 3348 ||| Stepping randomly (stuck).
  3349 | D:3      | 3349 ||| Stepping randomly (stuck).
  3350 | D:3      | 3350 ||| Stepping randomly (stuck).
  3351 | D:3      | 3351 ||| Stepping randomly (stuck).
  3352 | D:3      | 3352 ||| Stepping randomly (stuck).
  3488 | D:3      | Reached XP level 6. HP: 38/38 MP: 6/6
  3555 | D:3      | 3555 ||| Stepping ~*~*~tactically~*~*~ (stealth).
  3597 | D:3      | 3597 ||| UPGRADING to amulet of the acrobat.
  3602 | D:3      | 3602 ||| READING scroll labelled BYELUROTHI.
  3603 | D:3      | 3603 ||| READING 2 scrolls of identify.
  3603 | D:3      | 3603 ||| IDENTIFYING fuming clear potion
  3604 | D:3      | 3604 ||| Stepping randomly (stuck).
  3623 | D:3      | Noticed Robin
  3632 | D:3      | Killed Robin
  3696 | D:3      | 3696 ||| FLEEEEING.
  3698 | D:3      | 3698 ||| FLEEEEING.
  3699 | D:3      | 3699 ||| FLEEEEING.
  3701 | D:3      | 3701 ||| FLEEEEING.
  3702 | D:3      | 3702 ||| FLEEEEING.
  3703 | D:3      | 3703 ||| FLEEEEING.
  3704 | D:3      | 3704 ||| FLEEEEING.
  3705 | D:3      | 3705 ||| FLEEEEING.
  3706 | D:3      | 3706 ||| FLEEEEING.
  3707 | D:3      | 3707 ||| FLEEEEING.
  3708 | D:3      | 3708 ||| FLEEEEING.
  3711 | D:3      | 3711 ||| FLEEEEING.
  3712 | D:3      | 3712 ||| FLEEEEING.
  3713 | D:3      | 3713 ||| FLEEEEING.
  3714 | D:3      | 3714 ||| FLEEEEING.
  3715 | D:3      | 3715 ||| FLEEEEING.
  3716 | D:3      | 3716 ||| FLEEEEING.
  3717 | D:3      | 3717 ||| FLEEEEING.
  3718 | D:3      | 3718 ||| FLEEEEING.
  3719 | D:3      | 3719 ||| FLEEEEING.
  3720 | D:3      | 3720 ||| FLEEEEING.
  3721 | D:3      | 3721 ||| FLEEEEING.
  3723 | D:3      | 3723 ||| FLEEEEING.
  3724 | D:3      | 3724 ||| FLEEEEING.
  3725 | D:3      | 3725 ||| FLEEEEING.
  3726 | D:3      | 3726 ||| FLEEEEING.
  3727 | D:3      | 3727 ||| FLEEEEING.
  3728 | D:3      | 3728 ||| FLEEEEING.
  3781 | D:3      | 3781 ||| Stepping ~*~*~tactically~*~*~ (stealth).
  3819 | D:3      | 3819 ||| UPGRADING to +2 helmet.
  3826 | D:3      | 3826 ||| READING scroll labelled OTEMNA ORPHOE.
  3827 | D:3      | 3827 ||| Stepping randomly (stuck).
  3828 | D:3      | 3828 ||| Stepping randomly (stuck).
  3829 | D:3      | 3829 ||| Stepping randomly (stuck).
  3830 | D:3      | 3830 ||| Stepping randomly (stuck).
  3831 | D:3      | 3831 ||| Stepping randomly (stuck).
  3832 | D:3      | 3832 ||| Stepping randomly (stuck).
  3833 | D:3      | 3833 ||| Stepping randomly (stuck).
  3834 | D:3      | 3834 ||| Stepping randomly (stuck).
  3841 | D:3      | 3841 ||| Stepping ~*~*~tactically~*~*~ (hiding).
  4001 | D:3      | 4001 ||| Stepping randomly (stuck).
  4004 | D:3      | 4004 ||| Stepping randomly (stuck).
  4099 | D:3      | Found a hide-covered altar of Uskayaw.
  4191 | D:3      | 4191 ||| Stepping randomly (stuck).
  4599 | D:4      | Found a runed translucent door.
  4600 | D:4      | Noticed Crazy Yiuf
  4739 | D:4      | 4739 ||| READING scroll of enchant weapon.
  4739 | D:4      | 4739 ||| ENCHANTING +1 war axe of venom.
  4741 | D:4      | Found a staircase to the Ecumenical Temple.
  4891 | D:4      | Reached skill level 6 in Axes
  5149 | D:4      | Noticed Blork the orc
  5153 | D:4      | 5153 ||| FLEEEEING.
  5154 | D:4      | 5154 ||| FLEEEEING.
  5155 | D:4      | 5155 ||| FLEEEEING.
  5156 | D:4      | 5156 ||| FLEEEEING.
  5271 | D:4      | Found a shimmering blue altar of Sif Muna.
  5437 | D:4      | 5437 ||| UPGRADING to +0 plate armour.
  5447 | D:4      | 5447 ||| DROPPING +0 chain mail.
  5448 | D:4      | 5448 ||| READING scroll of enchant armour.
  5448 | D:4      | 5448 ||| ENCHANTING +0 plate armour.
  5449 | D:4      | 5449 ||| READING scroll labelled TINWAU SUSHI.
  5450 | D:4      | 5450 ||| READING scroll labelled OBOGAE BIME.
  5451 | D:4      | 5451 ||| READING scroll labelled ESIENN UTTUZAU.
  5510 | D:5      | Entered Level 5 of the Dungeon
  5514 | D:5      | 5514 ||| Stepping ~*~*~tactically~*~*~ (hiding).
  5519 | D:5      | 5519 ||| Stepping ~*~*~tactically~*~*~ (hiding).
  5526 | D:5      | Reached XP level 7. HP: 43/43 MP: 7/7
  5602 | D:5      | Found a large runed translucent door.
  5602 | D:5      | Found a large runed translucent door.
  5605 | D:5      | Noticed a two-headed ogre
  5605 | D:5      | Noticed a two-headed ogre
  5629 | D:5      | Found a large runed translucent door.
  5629 | D:5      | Found a large runed translucent door.
  5647 | D:5      | 5647 ||| Stepping ~*~*~tactically~*~*~ (stealth).
  5648 | D:5      | 5648 ||| FLEEEEING.
  5649 | D:5      | 5649 ||| FLEEEEING.
  5650 | D:5      | 5650 ||| FLEEEEING.
  5651 | D:5      | 5651 ||| FLEEEEING.
  5652 | D:5      | 5652 ||| FLEEEEING.
  5653 | D:5      | 5653 ||| FLEEEEING.
  5654 | D:5      | 5654 ||| FLEEEEING.
  5655 | D:5      | 5655 ||| FLEEEEING.
  5656 | D:5      | 5656 ||| FLEEEEING.
  5657 | D:5      | 5657 ||| FLEEEEING.
  5658 | D:5      | 5658 ||| FLEEEEING.
  5659 | D:5      | 5659 ||| FLEEEEING.
  5660 | D:5      | 5660 ||| FLEEEEING.
  5661 | D:5      | 5661 ||| FLEEEEING.
  5662 | D:5      | 5662 ||| FLEEEEING.
  5663 | D:5      | 5663 ||| FLEEEEING.
  5664 | D:5      | 5664 ||| FLEEEEING.
  5665 | D:5      | 5665 ||| FLEEEEING.
  5666 | D:5      | 5666 ||| FLEEEEING.
  5667 | D:5      | 5667 ||| FLEEEEING.
  5668 | D:5      | 5668 ||| FLEEEEING.
  5669 | D:5      | 5669 ||| FLEEEEING.
  5670 | D:5      | 5670 ||| FLEEEEING.
  5671 | D:5      | 5671 ||| FLEEEEING.
  5672 | D:5      | 5672 ||| FLEEEEING.
  5673 | D:5      | 5673 ||| FLEEEEING.
  5674 | D:5      | 5674 ||| FLEEEEING.
  5675 | D:5      | 5675 ||| FLEEEEING.
  5676 | D:5      | 5676 ||| FLEEEEING.
  5677 | D:5      | 5677 ||| FLEEEEING.
  5678 | D:5      | 5678 ||| FLEEEEING.
  5679 | D:5      | 5679 ||| FLEEEEING.
  5680 | D:5      | 5680 ||| FLEEEEING.
  5681 | D:5      | 5681 ||| FLEEEEING.
  5682 | D:5      | 5682 ||| FLEEEEING.
  5683 | D:5      | 5683 ||| FLEEEEING.
  5684 | D:5      | 5684 ||| FLEEEEING.
  5685 | D:5      | 5685 ||| FLEEEEING.
  5686 | D:5      | 5686 ||| FLEEEEING.
  5688 | D:5      | 5688 ||| FLEEEEING.
  5689 | D:5      | 5689 ||| FLEEEEING.
  5690 | D:5      | 5690 ||| FLEEEEING.
  5691 | D:5      | 5691 ||| FLEEEEING.
  5692 | D:5      | 5692 ||| FLEEEEING.
  5693 | D:5      | 5693 ||| FLEEEEING.
  5694 | D:5      | 5694 ||| FLEEEEING.
  5695 | D:5      | 5695 ||| FLEEEEING.
  5696 | D:5      | 5696 ||| FLEEEEING.
  5697 | D:5      | 5697 ||| FLEEEEING.
  5698 | D:5      | 5698 ||| FLEEEEING.
  5699 | D:5      | 5699 ||| FLEEEEING.
  5700 | D:5      | 5700 ||| FLEEEEING.
  5701 | D:5      | 5701 ||| STAIRDANCE
  5838 | D:4      | 5838 ||| READING 2 scrolls of identify.
  5838 | D:4      | 5838 ||| IDENTIFYING viscous yellow potion
  5898 | D:5      | 5898 ||| STAIRDANCE
  6145 | D:5      | Found a runed translucent door.
  6147 | D:5      | Noticed qw's ghost (amateur GrFi)
  6188 | D:5      | Reached skill level 7 in Axes
  6197 | D:5      | Noticed Duvessa
  6199 | D:5      | Noticed Dowan
  6209 | D:5      | Killed Duvessa
  6209 | D:5      | Killed Dowan
  6210 | D:5      | Reached XP level 8. HP: 36/51 MP: 8/8
  6271 | D:5      | 6271 ||| Stepping ~*~*~tactically~*~*~ (stealth).
  6280 | D:5      | 6280 ||| Stepping ~*~*~tactically~*~*~ (stealth).
  6397 | D:5      | Identified the +7 trident of Eternal Vigilance {vamp, Will+
                  | rCorr}
  6458 | D:5      | Reached skill level 1 in Dodging
  6620 | D:5      | Noticed a vampire
  6634 | D:5      | HP: 4/51 [something (9)]
  6635 | D:5      | Slain by a vampire

Levels and vault maps discovered:
D:1:      ncdulo_wetmaze, layout_basic, serial_shops, shop, minivault_27,
          minmay_misc_feat_roman
D:2:      layout_loops_ring, minmay_tripent
D:3:      layout_loops_cross, nicolae_uskayaw_dance_hall,
          mainiacjoe_overflow_alcove_2, gup_sewer_entry_pipe,
          serial_co_window_serial, co_window_paths_a, co_window_paths_a,
          co_window_paths_a, co_window_corner_a, co_window_corner_a,
          co_window_corner_b, co_window_2corner, co_window_paths_c,
          co_window_corner_b, co_window_4corner_a, glass_columns_c,
          glass_columns_b, glass_columns_a, grunt_ministairs_10,
          roderic_batcave, minmay_rat_hole, uniq_jessica, uniq_robin
D:4:      layout_basic, tgw_sif, minmay_temple_entry_glassed_door,
          uniq_crazy_yiuf_cottage
D:5:      layout_cave_pools, gammafunk_ghost_grave,
          minmay_hollow_rounded_squares, uniq_duvessa

Skill      XL: |  1  2  3  4  5  6  7  8 |
---------------+-------------------------+-----
Axes           | 2 3 4 5 6 7 |  7.4
Fighting       | 4 5 |  5.7
Armour         | 4 |  4.3
Dodging        | 1 |  1.0
Shields        | |  3.2

Action                   |  1- 3 |  4- 6 |  7- 9 || total
-------------------------+-------+-------+-------++-------
Melee: War axe           |   115 |   277 |    87 ||   479
  Use: Scroll            |     4 |    13 |     1 ||    18
       Potion            |     1 |       |       ||     1
Armor: Scale mail        |    54 |    21 |       ||    75
       Chain mail        |       |   159 |       ||   159
       Plate armour      |       |     5 |    81 ||    86
Dodge: Dodged            |    51 |   109 |    29 ||   189
Block: Buckler           |    24 |    67 |    22 ||   113

Table legend:
 A = Non-vault XP
 B = Vault XP
 C = Vault XP percentage of total XP
 D = Non-vault monster count
 E = Vault monster count
 F = Vault count percentage of total count
                 A         B        C        D         E       F
            +---------+---------+-------+---------+---------+-------
      Total |     724 |     830 |  53.4 |      88 |      85 |  49.1
            +---------+---------+-------+---------+---------+-------
        D:1 |      43 |       0 |   0.0 |      27 |       0 |   0.0
        D:2 |      27 |       2 |   6.9 |      16 |       2 |  11.1
        D:3 |      97 |     173 |  64.1 |      24 |      48 |  66.7
        D:4 |     134 |     122 |  47.7 |       6 |       1 |  14.3
        D:5 |     423 |     406 |  49.0 |      15 |       7 |  31.8
      Sewer |       0 |     127 | 100.0 |       0 |      27 | 100.0
            +---------+---------+-------+---------+---------+-------
